 Dungeon Crawl Stone Soup version 0.30-a0-6-g7c9e10e132 (webtiles) character file.

Game seed: 5944605844361093498

91 SensoryNuts the Trooper (level 4, -1/49 HPs)
             Began as an Ogre Fighter on Aug 22, 2022.
             Slain by a gnoll
             ... wielding a +0 spear
              (5 damage)
             ... on level 3 of the Dungeon.
             The game lasted 00:02:33 (2929 turns).

SensoryNuts the Trooper (Ogre Fighter)              Turns: 2929, Time: 00:02:33

Health: -1/49      AC:  4    Str: 22      XL:     4   Next: 57%
Magic:  4/4        EV:  8    Int:  9      God:
Gold:   118        SH:  7    Dex:  7 (8)  Spells: 3/3 levels left

rFire   . . .      SeeInvis .    a - +0 flail
rCold   . . .      Faith    .    c - +0 kite shield
rNeg    . . .      Spirit   .    b - +0 robe
rPois   .          Reflect  .    (helmet restricted)
rElec   .          Harm     .    m - +0 cloak
rCorr   .          Rampage  .    (gloves unavailable)
Will    .....                    (boots unavailable)
Stlth   +.........               (no amulet)
HPRegen 0.16/turn                (no ring)
MPRegen 0.09/turn                (no ring)

@: no status effects
A: large, unfitting armour, tough skin 1, deterioration 1, mutation resistance 1
a: no special abilities


You were on level 3 of the Dungeon.
You visited 1 branch of the dungeon, and saw 3 of its levels.

You collected 118 gold pieces.

Inventory:

Hand Weapons
 a - a +0 flail (weapon)
Missiles
 d - a throwing net (quivered)
Armour
 b - a +0 robe (worn)
 c - a +0 kite shield (worn)
 m - a +0 cloak (worn)
Jewellery
 o - a ring of magical power
Scrolls
 g - a scroll of torment
 j - a scroll of blinking
 n - a scroll of teleportation


   Skills:
 + Level 4.5 Fighting
 * Level 3.3 Maces & Flails
 + Level 3.0 Dodging
 + Level 0.1 Stealth
 + Level 3.3 Shields


You had 3 spell levels left.
You didn't know any spells.
Your spell library was empty.

Dungeon Overview and Level Annotations

Branches:
Dungeon (3/15)

Altars:


Innate Abilities, Weirdness & Mutations

You are too large for most types of armour.
You have tough skin. (AC +1)
Your body sometimes deteriorates upon taking damage.
You are somewhat resistant to further mutation.


Message History

The gnoll hits you from afar with a +0 spear.
You barely miss the gnoll.
The gnoll is moderately wounded.
You block the gnoll's attack.
The gnoll hits you from afar with a +0 spear.
The gnoll barely misses you. The gnoll hits you but does no damage.
You hit the gnoll.
The gnoll is moderately wounded.
The gnoll hits you from afar with a +0 spear.
The gnoll closely misses you.
You barely miss the gnoll.
The gnoll is moderately wounded.
The gnoll hits you but does no damage. You block the gnoll's attack.
You hit the gnoll.
The gnoll is heavily wounded.
The gnoll hits you with a +0 spear.
The gnoll hits you from afar with a +0 spear.
* * * LOW HITPOINT WARNING * * *
The gnoll barely misses you. The gnoll hits you but does no damage.
You hit the gnoll.
The gnoll is severely wounded.
The gnoll barely misses you. The gnoll hits you but does no damage.
You closely miss the gnoll.
The gnoll is severely wounded.
The gnoll hits you with a +0 spear.
* * * LOW HITPOINT WARNING * * *
You block the gnoll's attack.
You hit the gnoll.
The gnoll is almost dead.
You block the gnoll's attack.
The gnoll hits you from afar with a +0 spear.
* * * LOW HITPOINT WARNING * * *
You block the gnoll's attack. x2
You sock the gnoll!
You kill the gnoll!
You block the gnoll's attack.
You hit the endoplasm.
The endoplasm is moderately wounded.
The gnoll hits you from afar with a +0 spear.
You die...

###########.#
#.........!.# #S#
+#..### #S# #
.g.....#####@# #.#
.......+..##J##...#.#
#g.... #.##gg.....=.
#.....##..g.##.###.#
#.g.........# .#
#.........##.#
#.###.##.#.#..##.#
#.........?...##.# #
.......<..##.###.###.##


You could see 3 gnolls, an endoplasm, a friendly adder (summoned) and a friendly
ball python (summoned).

Vanquished Creatures
  2 gnolls
  An adder (D:2)
  A worm (D:2)
  4 ball pythons
  7 endoplasms
  6 giant cockroaches
  4 hobgoblins (D:1)
  6 jackals
  3 quokkas
  3 bats
  7 kobolds
  9 rats
53 creatures vanquished.

Vanquished Creatures (collateral kills)
  A rat (D:3)
1 creature vanquished.

Grand Total: 54 creatures vanquished

Notes
Turn   | Place    | Note
-------+----------+-------------------------------------------
     0 | D:1      | SensoryNuts the Ogre Fighter began the quest for the Orb.
     0 | D:1      | Reached XP level 1. HP: 24/24 MP: 1/1
   312 | D:1      | Reached XP level 2. HP: 28/32 MP: 2/2
   759 | D:1      | Reached XP level 3. HP: 3/40 MP: 3/3
  2315 | D:2      | Reached XP level 4. HP: 49/49 MP: 4/4
  2848 | D:2      | Gained mutation: Your body sometimes deteriorates upon
                  | taking damage. [potion of mutation]
  2848 | D:2      | Gained mutation: Your body often deteriorates upon taking
                  | damage. [potion of mutation]
  2848 | D:2      | Gained mutation: You possess an exceptional clarity of
                  | mind. [potion of mutation]
  2848 | D:2      | Gained mutation: You are robust. (+10% HP) [potion of
                  | mutation]
  2874 | D:2      | Lost mutation: You possess an exceptional clarity of mind.
                  | [potion of mutation]
  2874 | D:2      | Lost mutation: You are robust. (+10% HP) [potion of
                  | mutation]
  2874 | D:2      | Gained mutation: You are agile. (Dex +4, Str/Int -1)
                  | [potion of mutation]
  2874 | D:2      | Gained mutation: Your spells are a little harder to cast,
                  | but a little more powerful. [potion of mutation]
  2896 | D:3      | Lost mutation: You are agile. (Dex +4, Str/Int -1) [potion
                  | of mutation]
  2896 | D:3      | Lost mutation: Your spells are a little harder to cast, but
                  | a little more powerful. [potion of mutation]
  2896 | D:3      | Lost mutation: Your body often deteriorates upon taking
                  | damage. [potion of mutation]
  2896 | D:3      | Gained mutation: You are somewhat resistant to further
                  | mutation. [potion of mutation]
  2929 | D:3      | Slain by a gnoll

Illustrated notes

Levels and vault maps discovered:
D:1:      scummos_arrival_forest, layout_basic, minmay_worlds_worst_comb
D:2:      layout_rooms, patterned_corridor
D:3:      layout_basic, mainiacjoe_overflow_surrounded_room, serial_shops, shop,
          uniq_crazy_yiuf_cottage, uniq_sigmund, uniq_grinder

Skill      XL: |  1  2  3  4 |
---------------+-------------+-----
Maces & Flails | 2 3 |  3.3
Dodging        | 3 |  3.0
Fighting       | |  4.5
Stealth        | |  0.1
Shields        | |  3.3

Action                   |  1- 3 |  4- 6 || total
-------------------------+-------+-------++-------
Melee: Flail             |   133 |    56 ||   189
  Use: Potion            |     1 |     9 ||    10
       Scroll            |       |     5 ||     5
Armor: Robe              |    40 |    31 ||    71
Dodge: Dodged            |    59 |    32 ||    91
Block: Kite shield       |    59 |    30 ||    89

Table legend: (Time is in decaauts)
 A = Elapsed time spent in this place.
 B = Non-inter-level travel time spent in this place.
 C = Inter-level travel time spent in this place.
 D = Time resting spent in this place.
 E = Time spent auto-exploring this place.
 F = Levels seen in this place.
 G = Mean time per level.
                   A        B        C        D        E       F      G
               +--------+--------+--------+--------+--------+-----+--------+
         Total |   3006 |   2897 |    109 |     22 |   2389 |   3 | 1002.0 |
       Dungeon |   3006 |   2897 |    109 |     22 |   2389 |   3 | 1002.0 |
               +--------+--------+--------+--------+--------+-----+--------+

Top non-repeatable levels by time:
     D:1: 2033 daAuts
     D:2: 920 daAuts
     D:3: 52 daAuts
